 Dungeon Crawl Stone Soup version 0.30-a0-1043-g60ff8d5f49 (webtiles) character file.

Game seed: 6209648003180050998

66 Danienth the Chiller (level 3, 0/24 HPs)
             Began as a Demonspawn Ice Elementalist on Apr 9, 2023.
             Was an Initiate of Nemelex Xobeh.
             Slain by a rat (2 damage)
             ... on level 3 of the Dungeon.
             The game lasted 00:13:21 (1776 turns).

Danienth the Chiller (Demonspawn Ice Elementalist)  Turns: 1776, Time: 00:13:22

Health: 0/24       AC:  3    Str:  8    XL:     3   Next: 96%
Magic:  1/6        EV: 10    Int: 18    God:    Nemelex Xobeh [......]
Gold:   112        SH: 12    Dex: 13    Spells: 5/6 levels left

rFire   . . .      SeeInvis .    d - staff of conjuration
rCold   . . .      Faith    .    o - +0 kite shield
rNeg    . . .      Spirit   .    a - +1 robe
rPois   .          Reflect  +    (no helmet)
rElec   .          Rampage  .    (no cloak)
rCorr   .                        (no gloves)
Will    .....                    (no boots)
Stlth   ++                       c - amulet of reflection
HPRegen 0.24/turn                (no ring)
MPRegen 0.10/turn                (no ring)

@: mighty, very slightly contaminated
A: claws 1, hooves 1
a: Renounce Religion, Draw Escape, Draw Destruction, Draw Summoning


You were on level 3 of the Dungeon.
You worshipped Nemelex Xobeh.
Nemelex Xobeh was noncommittal.
You visited 1 branch of the dungeon, and saw 3 of its levels.

You collected 112 gold pieces.

Inventory:

Hand Weapons
 e - a +0 triple crossbow
Armour
 a - a +1 robe (worn)
 j - a +0 leather armour
 l - an orb of light
 o - a +0 kite shield (worn)
Magical Staves
 d - a staff of conjuration (weapon)
 g - a staff of death
Jewellery
 c - an amulet of reflection (around neck)
Scrolls
 f - a scroll of blinking
 i - a scroll of teleportation {unknown}
 k - a scroll of enchant armour
 n - a scroll of poison {unknown}
 p - 2 scrolls of identify
 q - a scroll of vulnerability {unknown}
 r - 2 scrolls of enchant weapon {unknown}
 s - a scroll of silence {unknown}
Potions
 b - a potion of magic
 u - a potion of flight {unknown}


   Skills:
 * Level 0.1 Staves
 + Level 1.0 Ranged Weapons
 + Level 1.8 Dodging
 + Level 2.4 Stealth
 + Level 2.2 Spellcasting
 * Level 1.0 Conjurations
 + Level 4.2 Ice Magic
 * Level 0.1 Evocations


You had 5 spell levels left.
You knew the following spells:

 Your Spells              Type           Power      Damage    Failure   Level
a - Freeze                Ice            68%        1d8       12%         1

Your spell library contained the following spells:

 Spells                   Type           Power      Damage    Failure   Level
 Frozen Ramparts          Ice            34%        1d6       34%         3
 Ozocubu's Armour         Ice            17%        N/A       34%         3
 Summon Ice Beast         Ice/Summ       9%         N/A       95%         4


Dungeon Overview and Level Annotations

Branches:
Dungeon (3/15)

Altars:
Nemelex Xobeh


Innate Abilities, Weirdness & Mutations

You have sharp fingernails.
You have large cloven feet.


Message History

Confirm with . or Enter, or press ? or * to list all spells.
Aiming: Freeze (safe; 12% risk of failure)
Press: ? - help, Shift-Dir - straight line, f/p - orc
Aim: an orc, wielding a +0 mace (heavily wounded)
You miscast Freeze.
Nothing appears to happen.
The orc hits you from afar with a +0 trident.
You block the orc's attack.
Casting: Freeze (safe; 12% risk of failure)
Confirm with . or Enter, or press ? or * to list all spells.
Aiming: Freeze (safe; 12% risk of failure)
Press: ? - help, Shift-Dir - straight line, f/p - orc
Aim: an orc, wielding a +0 mace (heavily wounded)
You freeze the orc.
You kill the orc!
You block the orc's attack.
You hit the ball python but do no damage.
Your kick misses the ball python. You block the ball python's attack. x2
You block the orc's attack. The ball python closely misses you.
The ball python grabs you. The ball python constricts you.
You closely miss the ball python.
The orc hits you from afar with a +0 trident.
You block the ball python's attack. The ball python constricts you.
The orc hits you from afar with a +0 trident.
The ball python bites you. The ball python constricts you.
* * * LOW HITPOINT WARNING * * *
Okay, then.
It was a potion of might.
You feel very mighty all of a sudden. You block the ball python's attack.
The ball python constricts you.
* * * LOW HITPOINT WARNING * * *
The orc closely misses you.
You hit the ball python.
You kill the ball python!
You block the orc's attack.
You closely miss the rat. Your kick misses the rat. You block the rat's attack.
The orc hits you from afar with a +0 trident.
* * * LOW HITPOINT WARNING * * *
The rat bites you.
You die...
Your body disappears without a glow.

............. ......
.<..........# $..... .
......#.##### $....o#
..###.....### .......
#.....>.....## .......
(.....####...# .......
#.##......#..#
.....So###..#..##...#..#
#....owr@..##.##[.######
.#######).##..##.##
#..........#
#..........#
#...........#
#...........#
#.........###
...........#
####........#


You could see an adder, a dart slug, 2 orcs and a rat.

Vanquished Creatures
  2 adders (D:2)
  A worm (D:2)
  2 dart slugs
  2 orcs (D:3)
  2 endoplasms
  A giant cockroach (D:1)
  5 goblins
  5 hobgoblins
  A jackal (D:3)
  3 kobolds
  A quokka (D:2)
  5 ball pythons
  2 bats
  4 rats
36 creatures vanquished.

Notes
Turn   | Place    | Note
-------+----------+-------------------------------------------
     0 | D:1      | Danienth the Demonspawn Ice Elementalist began the quest
                  | for the Orb.
     0 | D:1      | Reached XP level 1. HP: 13/13 MP: 3/3
   410 | D:1      | Discovered your monstrous ancestry.
   410 | D:1      | Gained mutation: You have sharp fingernails. [demonic
                  | ancestry]
   410 | D:1      | Reached XP level 2. HP: 19/19 MP: 5/5
   498 | D:1      | Reached skill level 4 in Ice Magic
   822 | D:2      | Gained mutation: You have large cloven feet. [demonic
                  | ancestry]
   822 | D:2      | Reached XP level 3. HP: 24/24 MP: 4/6
   886 | D:2      | Reached skill level 1 in Ranged Weapons
  1408 | D:2      | Reached skill level 1 in Conjurations
  1670 | D:3      | Found a sparkling altar of Nemelex Xobeh.
  1678 | D:3      | Became a worshipper of Nemelex Xobeh the Trickster
  1776 | D:3      | Slain by a rat

Illustrated notes

Levels and vault maps discovered:
D:1:      matt_arrival_grand_opening, layout_basic, minmay_misc_feat_rows
D:2:      layout_loops_cross, bh_walls_and_bars
D:3:      layout_rooms, bloody_makhleb, nemelex_altar_shiori,
          serial_bayou_lagoon_a

Skill      XL: |  1  2  3 |
---------------+----------+-----
Ice Magic      | 4 |  4.2
Stealth        | 2 |  2.4
Ranged Weapons | 1 |  1.0
Conjurations   | 1 |  1.0
Staves         | |  0.1
Dodging        | |  1.8
Spellcasting   | |  2.2
Evocations     | |  0.1

Action                     || total
---------------------------++-------
  Melee: Staff             ||    15
         Kick              ||     1
   Fire: Triple crossbow   ||    15
   Cast: Freeze            ||    39
    Use: Scroll            ||     3
         Potion            ||     2
   Stab: Sleeping          ||     2
 Armour: Robe              ||     3
  Dodge: Dodged            ||    21
  Block: Other             ||     2
         Kite shield       ||    27

Table legend: (Time is in decaauts)
 A = Elapsed time spent in this place.
 B = Non-inter-level travel time spent in this place.
 C = Inter-level travel time spent in this place.
 D = Time resting spent in this place.
 E = Time spent auto-exploring this place.
 F = Levels seen in this place.
 G = Mean time per level.
                   A        B        C        D        E       F      G
               +--------+--------+--------+--------+--------+-----+--------+
         Total |   1799 |   1653 |    146 |    271 |   1128 |   3 |  599.7 |
       Dungeon |   1799 |   1653 |    146 |    271 |   1128 |   3 |  599.7 |
               +--------+--------+--------+--------+--------+-----+--------+

Top non-repeatable levels by time:
     D:2: 891 daAuts
     D:1: 765 daAuts
     D:3: 142 daAuts
